 Dungeon Crawl Stone Soup version 0.18-a0-775-g4d9e04e (webtiles) character file.

569 Proton the Insei (level 7, -6/35 HPs)
             Began as a Vine Stalker Monk on Dec 13, 2015.
             Was an Initiate of Ru.
             Killed from afar by a white imp (8 damage)
             ... with a puff of frost
             ... summoned by Eustachio
             ... on level 4 of the Dungeon.
             The game lasted 00:06:40 (2983 turns).

Proton the Insei (Vine Stalker Monk)                Turns: 2983, Time: 00:06:40

Health: -6/35      AC:  3    Str: 14    XL:     7   Next: 33%
Magic:  0/8        EV: 15    Int: 10    God:    Ru [......]
Gold:   193        SH:  0    Dex: 18    Spells: 0 memorised, 6 levels left

rFire  . . .     SeeInvis .       - Unarmed
rCold  . . .     Clarity  +     a - +0 robe
rNeg   . . .     SustAt   .     (no shield)
rPois  +         Gourm    .     (no helmet)
rElec  .         Spirit   +     (no cloak)
rCorr  .         Dismiss  .     (no gloves)
rMut   .         Stasis   .     c - +0 pair of boots
MR     .....                    g - amulet of clarity
Stlth  ++........               (no ring)
                                k - ring of poison resistance

@: not resistant to hostile enchantments, unstealthy
A: fangs 2, regeneration 2, magic shield, antimagic bite, no device heal 3, rot
immunity
a: Renounce Religion


You were on level 4 of the Dungeon.
You worshipped Ru.
Ru was noncommittal.
You were not hungry.

You visited 2 branches of the dungeon, and saw 5 of its levels.
You also visited: Sewer.

You collected 193 gold pieces.

Inventory:

Armour
 a - a +0 robe (worn)
 c - a +0 pair of boots (worn)
Jewellery
 g - an amulet of clarity (around neck)
 k - a ring of poison resistance (left hand)
Scrolls
 d - 3 scrolls of recharging {unknown}
 i - 2 scrolls of noise {unknown}
 j - 2 scrolls of fog {unknown}
 m - 3 scrolls of magic mapping {unknown}
 o - 3 scrolls of teleportation {unknown}
 p - 3 scrolls of enchant armour {unknown}
 q - 2 scrolls of remove curse {unknown}
 t - a scroll of fear {unknown}
Potions
 e - 2 potions of lignification {unknown}
 h - a potion of heal wounds {unknown}
 l - 2 potions of curing {unknown}
 n - a potion of resistance {unknown}
 r - a potion of flight {unknown}
 s - a potion of agility {unknown}
 u - 2 potions of haste {unknown}
Comestibles
 f - 3 fruits


   Skills:
 - Level 2.6 Fighting
 + Level 4.4 Dodging
 - Level 2.4 Stealth
 * Level 7.4 Unarmed Combat


You had 6 spell levels left.
You didn't know any spells.

Dungeon Overview and Level Annotations

Branches:
Dungeon (4/15)             Temple (1/1) D:4

Altars:
Dithmenos
Elyvilon
Fedhas
Kikubaaqudgha
Makhleb
Okawaru
Ru
Trog
Yredelemnul

Annotations:
D:4 Eustachio


Innate Abilities, Weirdness & Mutations

You have extremely sharp teeth.
You heal very quickly.
When hurt, damage is shared between your health and your magic reserves.
Your bite disrupts and absorbs the magic of your enemies.
Potions and wands cannot restore your health.
You are immune to rotting.


Message History

Eustachio completely misses you. The iron imp hits you!
The white imp closely misses you.
You hit Eustachio. You bite Eustachio.
Eustachio's magic leaks into the air.
You drain his magic.
You feel invigorated.
Eustachio is almost dead.
Eustachio falters for a moment.
The white imp gestures at you. The puff of frost hits you!
The iron imp hits you!
* * * LOW HITPOINT WARNING * * *
You miss Eustachio. Your bite misses Eustachio.
Eustachio is almost dead.
Eustachio mumbles some strange words.
Eustachio blinks!
The white imp hits you.
* * * LOW HITPOINT WARNING * * *
The white imp freezes you.
* * * LOW HITPOINT WARNING * * *
Eustachio screams, "At last I'll have my revenge!"
The white imp gestures at you. The puff of frost hits you!
You die...

#............#<...####.##
#......8.>.8.#...........
######......#.######..#.
#.....#.8.#.#.# #
.............#.#
##.#####@.##.#.# ..
#55##.### #..##.# #.@#
#.....# #..##.# #... ..
#..## .# #.## # ... ..


You could see Eustachio, an iron imp and a white imp.

Vanquished Creatures
  4 big kobolds (Sewer)
  Ijyb (D:2)
  Terence (D:2)
  4 river rats
  10 adders
  4 oozes
  6 worms
  A giant gecko (D:1)
  2 orcs (D:3)
  4 ball pythons
  3 bats
  3 giant cockroaches
  9 goblins
  15 hobgoblins
  4 giant newts
  11 kobolds
  14 rats
96 creatures vanquished.

Notes
Turn   | Place    | Note
--------------------------------------------------------------
     0 | D:1      | Proton the Vine Stalker Monk began the quest for the Orb.
     0 | D:1      | Reached XP level 1. HP: 11/11 MP: 2/2
   158 | D:1      | Reached XP level 2. HP: 16/16 MP: 3/3
   539 | D:2      | Reached XP level 3. HP: 19/19 MP: 4/4
   677 | D:2      | Noticed Terence
   689 | D:2      | Killed Terence
   689 | D:2      | Reached skill level 5 in Unarmed Combat
   689 | D:2      | Reached XP level 4. HP: 8/23 MP: 2/5
   731 | D:2      | Found a blossoming altar of Fedhas.
   879 | D:2      | Found an ancient bone altar of Kikubaaqudgha.
   881 | D:2      | Found a basalt altar of Yredelemnul.
   897 | D:2      | Found an iron altar of Okawaru.
   897 | D:2      | Found a white marble altar of Elyvilon.
   982 | D:2      | Noticed Ijyb
   996 | D:2      | Killed Ijyb
  1326 | D:3      | Reached XP level 5. HP: 27/27 MP: 6/6
  1338 | D:3      | Found a faded altar to an unknown god.
  1359 | D:3      | Became a worshipper of Makhleb the Destroyer
  1359 | D:3      | Reached * piety under Makhleb
  1359 | D:3      | Reached ** piety under Makhleb
  1359 | D:3      | Fell from the grace of Makhleb
  1741 | D:3      | Found a glowing drain.
  1792 | Sewer    | Entered a sewer
  1990 | Sewer    | Reached skill level 6 in Unarmed Combat
  1990 | Sewer    | Gained mutation: You heal very quickly. [Vine Stalker growth]
  1990 | Sewer    | Reached XP level 6. HP: 20/32 MP: 7/7
  2187 | Sewer    | Reached skill level 7 in Unarmed Combat
  2187 | Sewer    | Reached XP level 7. HP: 18/35 MP: 6/8
  2891 | D:4      | Found a staircase to the Ecumenical Temple.
  2891 | D:4      | Noticed Eustachio
  2897 | Temple   | Entered the Ecumenical Temple
  2929 | Temple   | Became a worshipper of Ru the Awakened
  2980 | D:4      | HP: 1/35 [white imp[Eustachio] (4)]
  2983 | D:4      | Killed from afar by a white imp

Vault maps used:
D:1:      zaba_arrival_water
D:2:      grunt_temple_overflow_open, fedhas_altar_3, mrwooster_statue_mirror,
          uniq_iyjb, uniq_terence
D:3:      portal_sewer_entry_c, ecumenical_altar_1, kennysheep_nub
D:4:      minmay_temple_entry_statues_pillars, uniq_eustachio
Temple:   roderic_octagonal_lattice_temple
Sewer:    sewer_co_tree

Action                   |  1- 3 |  4- 6 |  7- 9 || total
-------------------------+-------+-------+-------++-------
Melee: Unarmed           |    69 |   232 |   105 ||   406
Invok: Renounce Religion |       |     1 |       ||     1
 Stab: Sleeping          |     2 |     5 |     2 ||     9
  Eat: Meat ration       |       |     1 |       ||     1
       Bread ration      |       |       |     1 ||     1
